 Dungeon Crawl Stone Soup version 0.23.0-2-g0fe3ce5 (webtiles) character file.

Game seed: 18203822430214004293

1775 elfaar the Ruffian (level 8, -1/54 HPs)
             Began as a Yellow Draconian Transmuter on Feb 19, 2019.
             Was an Initiate of Hepliaklqana.
             Succumbed to a killer bee's poison
             ... on level 7 of the Dungeon.
             The game lasted 01:08:35 (5776 turns).

elfaar the Ruffian (Yellow Draconian Transmuter)    Turns: 5776, Time: 01:08:36

Health: -1/54      AC:  8    Str: 14    XL:     8   Next: 80%
Magic:  14/15      EV: 13    Int: 14    God:    Hepliaklqana [......]
Gold:   390        SH:  0    Dex: 12    Spells: 6/16 levels left

rFire    . . .     SeeInvis .     - Unarmed
rCold    . . .     Gourm    .   (no shield)
rNeg     . . .     Faith    .   (armour unavailable)
rPois    .         Spirit   .   (helmet restricted)
rElec    .         Reflect  .   (no cloak)
rCorr    .         Harm     .   p - +1 pair of gloves {archery}
MR       .....                  (no boots)
Stlth    +++.......             j - amulet of regeneration
HPRegen  0.58/turn              e - ring of stealth
MPRegen  0.14/turn              (no ring)

@: lethally poisoned (-1 -> -8), short of breath, very slightly contaminated,
studying Ice Magic
A: spit acid, unfitting armour, reduced essence, cold-blooded, AC +6
a: Breathe Acid, Recall Ancestor, Ancestor Identity, Renounce Religion


You were on level 7 of the Dungeon.
You worshipped Hepliaklqana.
Hepliaklqana was noncommittal.
You were hungry.

You visited 2 branches of the dungeon, and saw 8 of its levels.
You also visited: Sewer.

You collected 390 gold pieces.

Inventory:

Hand Weapons
 s - a +0 blowgun
 A - a +4 hand axe of chopping
 B - a +0 trident of flaming
Missiles
 a - 116 arrows
 b - 162 stones (quivered)
 d - 72 bolts
 t - 17 poisoned needles
 u - 80 sling bullets
 v - 5 tomahawks
Armour
 p - a +1 pair of gloves of archery (worn)
Jewellery
 e - a ring of stealth (left hand)
 j - an amulet of regeneration (around neck)
Wands
 H - a wand of acid (7)
 J - a wand of paralysis (5)
 K - a wand of flame (13)
Scrolls
 g - 2 scrolls of enchant armour
 h - a scroll of fog {unknown}
 k - a scroll of teleportation
 m - a scroll of remove curse
 w - a scroll of fear {unknown}
 y - a scroll of enchant weapon {unknown}
 D - a scroll of random uselessness {unknown}
 E - a scroll of immolation {unknown}
 G - a scroll of amnesia {unknown}
Potions
 f - a potion of berserk rage
 i - a potion of might
 l - 2 potions of invisibility
 n - 3 potions of flight {unknown}
 o - a potion of mutation {unknown}
 q - a potion of heal wounds {unknown}
 r - 2 potions of lignification {unknown}
 x - 5 potions of curing
 z - a potion of cancellation
 C - a potion of agility {unknown}
Books
 F - a manual of Ice Magic
Comestibles
 c - 10 rations


   Skills:
 + Level 2.2 Fighting
 + Level 0.1 Throwing
 + Level 4.0 Dodging
 + Level 2.7 Stealth
 + Level 7.1 Unarmed Combat
 + Level 4.9 Spellcasting
 + Level 5.1 Transmutations
 + Level 3.0 Poison Magic


You had 6 spell levels left.
You knew the following spells:

 Your Spells              Type           Power        Failure   Level  Hunger
a - Beastly Appendage     Tmut           ###...       2%          1    None
b - Spider Form           Tmut/Pois      ##........   10%         3    ###....
c - Sticks to Snakes      Tmut           ###.....     3%          2    ##.....
d - Ice Form              Ice/Tmut       ##......     52%         4    ####...

Your spell library contained the following spells:

 Spells                   Type           Power        Failure   Level  Hunger
 Animate Skeleton         Necr           N/A          19%         1    None
 Apportation              Tloc           #.....       19%         1    None
 Confusing Touch          Hex            #.....       19%         1    None
 Summon Small Mammal      Summ           #...         19%         1    None
 Blade Hands              Tmut           ###.......   52%         5    ######.


Dungeon Overview and Level Annotations

Branches:
Dungeon (7/15)             Temple (1/1) D:6

Altars:
Ashenzari
Cheibriados
Dithmenos
Elyvilon
Fedhas
Gozag
Hepliaklqana
Kikubaaqudgha
Makhleb
Nemelex Xobeh
Okawaru
Qazlal
Ru
Sif Muna
Trog
Uskayaw
Vehumet
Wu Jian
Yredelemnul
Zin
The Shining One


Innate Abilities, Weirdness & Mutations

You can spit globs of acid.
Your golden yellow scales are hard. (AC +6)
You cannot fit into any form of body armour.
You are cold-blooded and may be slowed by cold attacks.
Your life essence is reduced to manifest your ancestor. (-10% HP)


Message History

You feel sick. The killer bee stings you! x2
The killer bee barely misses you. The killer bee misses you.
You feel sick. The killer bee closely misses you. The killer bee stings you.
You feel sick. The killer bee barely misses you. The killer bee stings you.
You are more poisoned.
The killer bee poisons you!
You feel sick. The killer bee barely misses you.
The killer bee closely misses you.
You feel sick. The killer bee closely misses you.
You feel sick. The killer bee completely misses you. The killer bee stings you.
* * * LOW HITPOINT WARNING * * *
You feel sick. The killer bee stings you!
* * * LOW HITPOINT WARNING * * *
The killer bee barely misses you.
You feel sick. The killer bee stings you.
* * * LOW HITPOINT WARNING * * *
You are more poisoned.
The killer bee poisons you! The killer bee misses you.
There is an escape hatch in the ceiling here.
You die...

#..##..#.### #.#
#..##..#.# #.# .
#..##..#.######.#####.
#........##...........
#..##..#.##.#######.#.
#..##..#.##.# #.#
#...........#######.#
#....yy...........#.#
#.###@......#####.#.#
#.# #..#.#..#####.#.#.
#.# #.................
#.# #.......##.##...#.
#.###.................
#...............##..##
#.###...............#
#.###.##.#))(........
#........#))##..######


You could see 2 killer bees.

Vanquished Creatures
  Joseph (D:7)
  An ice beast (D:4)
  A sky beast (D:2)
  2 ogres (D:4)
  3 centaurs
  A crocodile (Sewer)
  A big kobold (D:7)
  A bullfrog (D:6)
  4 wights
  A killer bee (D:7)
  A jelly (D:7)
  A centaur skeleton (D:6)
  A bullfrog skeleton (D:6)
  3 worker ants
  An iguana (D:5)
  Robin (D:2)
  8 adders
  A river rat (D:5)
  A shadow imp (D:4)
  An ooze (D:2)
  An adder zombie (D:7)
  An adder skeleton (D:4)
  3 worms
  2 dart slugs
  6 leopard geckos
  11 orcs
  6 giant cockroaches
  12 goblins
  5 hobgoblins
  2 jackals (Sewer)
  4 quokkas
  2 ball pythons
  6 bats
  4 frilled lizards
  A giant cockroach zombie (D:5)
  A jackal skeleton (D:4)
  14 kobolds
  A leopard gecko zombie (D:6)
  A quokka zombie (D:5)
  4 rats
122 creatures vanquished.

Vanquished Creatures (collateral kills)
  An iguana (D:7)
  An adder (D:7)
  A bat (D:3)
3 creatures vanquished.

Vanquished Creatures (others)
  An ancestor (D:7)
1 creature vanquished.

Grand Total: 126 creatures vanquished

Notes
Turn   | Place    | Note
-------+----------+-------------------------------------------
     0 | D:1      | elfaar the Draconian Transmuter began the quest for the
                  | Orb.
     0 | D:1      | Reached XP level 1. HP: 16/16 MP: 3/3
   541 | D:1      | Reached XP level 2. HP: 23/23 MP: 0/5
  1147 | D:2      | Noticed Robin
  1149 | D:2      | Reached XP level 3. HP: 27/28 MP: 4/6
  1171 | D:2      | Killed Robin
  1269 | D:2      | Noticed a sky beast
  1289 | D:2      | HP: 1/28 [sky beast (6)]
  1476 | D:2      | Killed a sky beast
  1476 | D:2      | Reached skill level 4 in Unarmed Combat
  1476 | D:2      | Reached XP level 4. HP: 19/35 MP: 5/8
  1476 | D:2      | Reached XP level 5. HP: 21/40 MP: 5/9
  1486 | D:2      | Learned a level 3 spell: Spider Form
  2147 | D:2      | Learned a level 2 spell: Sticks to Snakes
  2334 | D:3      | Reached skill level 1 in Stealth
  2436 | D:4      | Noticed an ogre
  2436 | D:4      | Noticed an ogre
  2695 | D:4      | Killed an ogre
  2695 | D:4      | Reached skill level 1 in Poison Magic
  2695 | D:4      | Reached XP level 6. HP: 38/47 MP: 1/11
  2807 | D:5      | Entered Level 5 of the Dungeon
  3252 | D:5      | Found a glowing drain.
  3257 | Sewer    | Entered a sewer
  3333 | Sewer    | Reached skill level 5 in Unarmed Combat
  3333 | Sewer    | Your scales start taking on a golden yellow colour.
  3333 | Sewer    | Reached XP level 7. HP: 18/53 MP: 4/12
  3492 | D:6      | Found a staircase to the Ecumenical Temple.
  3867 | D:4      | Learned a level 4 spell: Ice Form
  3917 | D:4      | Reached XP level 8. HP: 46/61 MP: 12/14
  4181 | D:5      | Reached skill level 6 in Unarmed Combat
  4533 | D:6      | Found an ornate altar of the Wu Jian Council.
  4542 | D:6      | Found a stormy altar of Qazlal.
  4545 | D:6      | Found a blossoming altar of Fedhas.
  4556 | D:6      | Found a glowing silver altar of Zin.
  4611 | Temple   | Entered the Ecumenical Temple
  4657 | Temple   | Became a worshipper of Hepliaklqana the Forgotten
  5501 | D:7      | Noticed Joseph
  5532 | D:7      | Killed Joseph
  5532 | D:7      | Reached skill level 5 in Transmutations
  5561 | D:7      | Reached skill level 7 in Unarmed Combat
  5775 | D:7      | HP: 1/54 [killer bee (4)]
  5776 | D:7      | Succumbed to a killer bee's poison

Skill      XL: |  1  2  3  4  5  6  7  8 |
---------------+-------------------------+-----
Dodging        | 2 3 4 |  4.0
Unarmed Combat | 4 5 7 |  7.1
Spellcasting   | 3 4 |  4.9
Transmutations | 3 4 5 |  5.1
Stealth        | 1 2 |  2.7
Poison Magic   | 1 2 3 |  3.0
Fighting       | 2 |  2.2
Throwing       | |  0.1

Action                   |  1- 3 |  4- 6 |  7- 9 || total
-------------------------+-------+-------+-------++-------
Melee: Unarmed           |   118 |   156 |   160 ||   434
       Headbutt          |     7 |     4 |     4 ||    15
       Kick              |     6 |     2 |    15 ||    23
       Tailslap          |     7 |     7 |    11 ||    25
       Punch             |       |       |     3 ||     3
 Fire: Blowgun           |       |     2 |       ||     2
 Cast: Beastly Appendage |    37 |     4 |    14 ||    55
       Spider Form       |       |    25 |     8 ||    33
       Sticks to Snakes  |       |     4 |     2 ||     6
Invok: Ancestor Identity |       |       |     1 ||     1
 Abil: Breathe Acid      |       |       |     3 ||     3
Evoke: Wand              |       |       |     1 ||     1
  Use: Scroll            |     5 |     3 |     6 ||    14
       Potion            |       |       |     1 ||     1
 Stab: Sleeping          |     2 |     4 |     4 ||    10
       Distracted        |       |     1 |       ||     1
  Eat: Chunk             |     2 |    11 |     3 ||    16
       Ration            |       |       |     2 ||     2
Armor: Skin              |    30 |    15 |    24 ||    69
Dodge: Dodged            |    60 |   111 |   144 ||   315
